 Dungeon Crawl Stone Soup version 0.27-a0-1332-g84bddb5ca7 (webtiles) character file.

Game seed: 12674295508004978390

59 freelancePsychic the Skirmisher (level 3, -1/27 HPs)
             Began as a Demonspawn Fighter on June 26, 2021.
             Was a Believer of Hepliaklqana.
             Slain by Sigmund (7 damage)
             ... on level 3 of the Dungeon.
             The game lasted 00:02:25 (1720 turns).

freelancePsychic the Skirmisher (DsFi)              Turns: 1720, Time: 00:02:25

Health: -1/27      AC:  6    Str: 15 (17) XL:     3   Next: 78%
Magic:  3/3        EV:  6    Int:  8 (9)  God:    Hepliaklqana [**....]
Gold:   98         SH:  8    Dex: 11 (12) Spells: 2/2 levels left

rFire    + . .     SeeInvis .   k - +2 scimitar (vorpal)
rCold    + . .     Faith    .   c - +0 kite shield
rNeg     . . .     Spirit   .   b - +0 scale mail
rPois    +         Reflect  .   (helmet restricted)
rElec    +         Harm     .   (no cloak)
rCorr    +         Rampage  .   (no gloves)
Will     .....                  (no boots)
Stlth    ..........             (no amulet)
HPRegen  0.09/turn              (no ring)
MPRegen  0.08/turn              (no ring)

@: brilliant, resistant, attractive
A: reduced essence, antennae 1
a: Renounce Religion, Recall Ancestor, Ancestor Identity


You were on level 3 of the Dungeon.
You worshipped Hepliaklqana.
Hepliaklqana was pleased with you.
You visited 1 branch of the dungeon, and saw 3 of its levels.

You collected 98 gold pieces.

Inventory:

Hand Weapons
 a - a +0 rapier
 k - a +2 vorpal scimitar (weapon)
Armour
 b - a +0 scale mail (worn)
 c - a +0 kite shield (worn)
Jewellery
 p - a ring of flight
Wands
 q - a wand of iceblast (11)
Scrolls
 g - 2 scrolls of immolation {unknown}
 h - a scroll of torment {unknown}
 j - a scroll of enchant weapon {unknown}
 m - a scroll of identify {unknown}
 n - a scroll of teleportation {unknown}
 o - a scroll of vulnerability {unknown}
Potions
 d - a potion of might


   Skills:
 + Level 3.8 Fighting
 - Level 1.8(2.0) Short Blades
 + Level 1.0(1.5) Long Blades
 - Level 2.7 Armour
 + Level 3.4 Shields


You had 2 spell levels left.
You didn't know any spells.
Your spell library contained the following spells:

 Spells                   Type           Power      Damage    Failure   Level
 Beastly Appendage        Tmut           0%         N/A       100%        1
 Wereblood                Tmut           0%         N/A       100%        2
 Spider Form              Tmut/Pois      0%         N/A       100%        3
 Ice Form                 Ice/Tmut       0%         N/A       100%        4


Dungeon Overview and Level Annotations

Branches:
Dungeon (3/15)

Altars:
Hepliaklqana

Annotations:
D:3 Sigmund


Innate Abilities, Weirdness & Mutations

Your life essence is reduced to manifest your ancestor. (-10% HP)
You have a pair of small antennae on your head.


Message History

Sigmund is almost dead.
Sigmund drinks a potion.
Sigmund is healed!
Sigmund seems less confused.
Sigmund hits you with a +0 scythe.
You hit Sigmund but do no damage.
Sigmund is severely wounded.
Sigmund hits you but does no damage.
Sigmund points at you and mumbles some strange words.
You resist with significant effort.
You hit Sigmund but do no damage.
Sigmund is severely wounded.
Sigmund barely misses you.
You riposte.
Your shield prevents you from hitting Sigmund.
Sigmund is severely wounded.
You hit Sigmund.
Sigmund is almost dead.
Sigmund gestures at you while chanting. You block the puff of flame.
Sigmund points at you and mumbles some strange words.
You are confused.
You bump into the rock wall.
Sigmund hits you with a +0 scythe.
* * * LOW HITPOINT WARNING * * *
It was a potion of magic.
Magic courses through your body. Sigmund hits you but does no damage.
Okay, then.
It was a potion of resistance.
You feel protected. Sigmund hits you with a +0 scythe.
* * * LOW HITPOINT WARNING * * *
It was a potion of degeneration.
There was something very wrong with that liquid.
You feel weakened.
You feel dopey.
You feel clumsy.
Sigmund points at you and mumbles some strange words.
The magic dart hits you but does no damage.
It was a potion of brilliance.
You feel clever all of a sudden.
You feel less confused. Sigmund barely misses you.
It was a potion of attraction.
You feel attractive to monsters. Sigmund hits you with a +0 scythe!
You die...

...# #.##.# ...# #.##.#
...# #.##.# ...# #.##.#
...# #.##.#######
...####.##.......#
...#....########.#
...#.##.# #R# #.##.#..#
### #@# .....#..# #....@#
######..# #.#####
.....#..# #.#
####.#..####.# .#
#.#.....#.#
.###.#..##.#.#############
..##.#...................#
#.##.#.....#.###########.#


You could see the friendly Citlalmina the hexer and Sigmund (ally target).

Vanquished Creatures
  An adder (D:2)
  A worm (D:2)
  7 endoplasms
  2 giant cockroaches
  3 goblins (D:1)
  4 hobgoblins
  3 jackals (D:2)
  3 quokkas (D:1)
  4 ball pythons (D:1)
  5 bats
  3 kobolds (D:1)
  7 rats
43 creatures vanquished.

Vanquished Creatures (collateral kills)
  A hobgoblin (D:2)
1 creature vanquished.

Grand Total: 44 creatures vanquished

Notes
Turn   | Place    | Note
-------+----------+-------------------------------------------
     0 | D:1      | freelancePsychic the Demonspawn Fighter began the quest for
                  | the Orb.
     0 | D:1      | Reached XP level 1. HP: 18/18 MP: 1/1
   231 | D:1      | Gained mutation: You have a pair of small antennae on your
                  | head. [demonic ancestry]
   231 | D:1      | Reached XP level 2. HP: 24/24 MP: 2/2
   417 | D:1      | Found a faded altar of an unknown god.
   428 | D:1      | Became a worshipper of Hepliaklqana the Forgotten
   428 | D:1      | Reached * piety under Hepliaklqana
   877 | D:1      | Reached XP level 3. HP: 26/26 MP: 3/3
  1459 | D:2      | Reached ** piety under Hepliaklqana
  1460 | D:2      | Remembered your ancestor Citlalmina as a hexer
  1469 | D:2      | Reached skill level 1 in Long Blades
  1705 | D:3      | Noticed Sigmund
  1720 | D:3      | Slain by Sigmund

Illustrated notes

Levels and vault maps discovered:
D:1:      tarquinn_simple_flora_water_b, layout_loops_ring,
          hellmonk_ecumenical_altar_slurped_away
D:2:      layout_rooms
D:3:      layout_basic, old_standard_altar, uniq_sigmund

Skill      XL: |  1  2  3 |
---------------+----------+-----
Shields        | 3 |  3.4
Long Blades    | 1 |  1.0
Fighting       | |  3.8
Short Blades   | |  1.8
Armour         | |  2.7

Action                   || total
-------------------------++-------
Melee: Rapier            ||    54
       Scimitar          ||    47
Invok: Ancestor Life: He ||     1
  Use: Potion            ||     5
       Scroll            ||     1
Armor: Scale mail        ||    39
Dodge: Dodged            ||    33
Block: Kite shield       ||    30
       Rpst.: Scimitar   ||    11

Table legend: (Time is in decaauts)
 A = Elapsed time spent in this place.
 B = Non-inter-level travel time spent in this place.
 C = Inter-level travel time spent in this place.
 D = Time resting spent in this place.
 E = Time spent auto-exploring this place.
 F = Levels seen in this place.
 G = Mean time per level.
                   A        B        C        D        E       F      G
               +--------+--------+--------+--------+--------+-----+--------+
         Total |   1765 |   1755 |     10 |      0 |   1466 |   3 |  588.3 |
       Dungeon |   1765 |   1755 |     10 |      0 |   1466 |   3 |  588.3 |
               +--------+--------+--------+--------+--------+-----+--------+

Top non-repeatable levels by time:
     D:1: 998 daAuts
     D:2: 534 daAuts
     D:3: 231 daAuts
